[Event "Titled Tuesday Blitz August 31 2021"]
[White "Fier, Alexandr"]
[Black "Thing, Bibek"]
[WhiteFideId "2107139"]
[BlackFideId "12303135"]
[WhiteElo "2569"]
[BlackElo "2000"]
[Result "1-0"]
[Round "01"]
[TimeControl "180+1"]
[Date "2021.08.31"]
[WhiteClock "0:02:10"]
[BlackClock "0:00:30"]

1. d4 Nf6 2. c4 g6 3. Nc3 d5 4. cxd5 Nxd5 5. h4 c5 6. Na4 Nc6 7. e4 Nf6 8. d5 Ne5 9. f4 Neg4 10. Nc3 e5 11. Nf3 Bd6 12. Bb5+ Bd7 13. O-O O-O 14. fxe5 Nxe5 15. Bg5 Bg4 16. Be2 Nxf3+ 17. Bxf3 Bxf3 18. Qxf3 1-0


[Site "https://www.chess.com"]

[Event "Titled Tuesday Blitz August 31 2021"]
[White "Franca, Willian Bento"]
[Black "Krivonosov, Oleg"]
[WhiteFideId "2158850"]
[BlackFideId "11600349"]
[WhiteElo "2122"]
[BlackElo "2469"]
[Result "1/2-1/2"]
[Round "01"]
[TimeControl "180+1"]
[Date "2021.08.31"]
[WhiteClock "0:01:19"]
[BlackClock "0:01:19"]

1. c4 e6 2. g3 d5 3. Bg2 Nf6 4. Nf3 Be7 5. O-O O-O 6. d4 Nbd7 7. Qc2 c6 8. b3 b6 9. Bb2 Bb7 10. Nc3 Ba6 11. Nd2 b5 12. e4 dxc4 13. bxc4 bxc4 14. Rfd1 h6 15. Na4 Nb6 16. Nxb6 axb6 17. Nxc4 Bxc4 18. Qxc4 Qd7 19. Rac1 Rfc8 20. h3 b5 21. Qb3 Qa7 22. d5 cxd5 23. Rxc8+ Rxc8 24. Bxf6 Bxf6 25. exd5 exd5 26. Qxb5 Qxa2 27. Bxd5 Qa7 28. Re1 Rf8 29. Re8 Qc7 30. Rxf8+ Kxf8 31. Qb7 Qxb7 32. Bxb7 Bd4 33. Kg2 f5 34. Bc8 g6 35. Bd7 Kg7 36. Ba4 Kf6 37. Bc2 g5 38. Kf3 h5 39. Bb1 g4+ 40. hxg4 hxg4+ 41. Kg2 Kg5 42. f3 f4 43. gxf4+ Kxf4 44. fxg4 Kxg4 1/2-1/2


[Site "https://www.chess.com"]

[Event "Titled Tuesday Blitz August 31 2021"]
[White "Gabdushev, Ruslan"]
[Black "Chigaev, Maksim"]
[WhiteFideId "4137833"]
[BlackFideId "4108116"]
[WhiteElo "2312"]
[BlackElo "2579"]
[Result "0-1"]
[Round "01"]
[TimeControl "180+1"]
[Date "2021.08.31"]
[WhiteClock "0:00:10"]
[BlackClock "0:00:30"]

1. c4 b6 2. Nc3 Bb7 3. e4 e5 4. g3 h5 5. h3 Bc5 6. Bg2 a5 7. d3 h4 8. g4 Ne7 9. Nge2 Ng6 10. f4 d6 11. f5 Nf8 12. Na4 Bb4+ 13. Kf2 Nc6 14. a3 Bc5+ 15. Nxc5 dxc5 16. Be3 Nh7 17. Qd2 f6 18. Bf3 Ng5 19. Kg2 Qe7 20. Nc3 Nd4 21. Bd1 c6 22. Rf1 Kf7 23. Ne2 a4 24. Nxd4 cxd4 25. Bxg5 fxg5 26. Qb4 Ra6 27. Bc2 Rha8 28. Qd2 Kf6 29. Rfb1 b5 30. cxb5 cxb5 31. Bd1 Rc8 32. Kf2 Rac6 33. Rc1 Qc7 34. Rcb1 Ba6 35. Ke2 Rc5 36. Kf2 Rf8 37. Be2 g6 38. Kg2 gxf5 39. gxf5 Rc2 40. Qd1 Rc8 41. Kf3 Bb7 42. Qg1 Rxe2 43. Kxe2 Qc2+ 44. Ke1 Qxd3 45. Rc1 Qxe4+ 46. Kd1 Qd3+ 47. Ke1 Rc4 48. Rxc4 bxc4 49. Qg4 Bf3 0-1


[Site "https://www.chess.com"]

[Event "Titled Tuesday Blitz August 31 2021"]
[White "Gallegos Diaz, Carlos Alberto"]
[Black "Karthikeyan, Murali"]
[WhiteFideId "3900886"]
[BlackFideId "5074452"]
[WhiteElo "2362"]
[BlackElo "2564"]
[Result "0-1"]
[Round "01"]
[TimeControl "180+1"]
[Date "2021.08.31"]
[WhiteClock "0:00:05"]
[BlackClock "0:00:12"]

1. e4 c5 2. Nf3 Nc6 3. Bb5 d6 4. O-O Bd7 5. Re1 Nf6 6. d3 g6 7. c3 Bg7 8. h3 a6 9. Ba4 b5 10. Bc2 O-O 11. Nbd2 e5 12. a3 Re8 13. Nf1 d5 14. exd5 Nxd5 15. Ng3 h6 16. Ne4 Qe7 17. Bb3 Be6 18. Bxd5 Bxd5 19. b4 c4 20. dxc4 Bxc4 21. Qd6 Qe6 22. Qxe6 Rxe6 23. Be3 f5 24. Nc5 Re7 25. Rad1 e4 26. Nd4 Ne5 27. Bf4 a5 28. Bxe5 Rxe5 29. Nc6 Ree8 30. Rd6 Kh7 31. Rc1 axb4 32. axb4 Rac8 33. Nd4 Red8 34. Rxd8 Rxd8 35. Nce6 Ra8 36. Nxg7 Kxg7 37. Re1 Ra3 38. f3 exf3 39. Nxf3 Rxc3 40. Re7+ Kf6 41. Rb7 Re3 42. Rb6+ Re6 43. Rb7 Rd6 44. Rb8 g5 45. h4 g4 46. Ne1 Rd1 47. Kf2 g3+ 48. Kxg3 Rxe1 49. Rb6+ Re6 50. Rb8 Re3+ 51. Kf4 Re4+ 52. Kg3 Rg4+ 53. Kf2 h5 54. g3 f4 55. Rf8+ Bf7 56. gxf4 Rxf4+ 57. Kg3 Rxb4 58. Rb8 Rb3+ 0-1


[Site "https://www.chess.com"]

[Event "Titled Tuesday Blitz August 31 2021"]
[White "Goltsev, Dmitry"]
[Black "Bethke, Richard"]
[WhiteFideId "24176710"]
[BlackFideId "12959243"]
[WhiteElo "2369"]
[BlackElo "2414"]
[Result "1-0"]
[Round "01"]
[TimeControl "180+1"]
[Date "2021.08.31"]
[WhiteClock "0:00:13"]
[BlackClock "0:00:27"]

1. e4 c5 2. Nf3 d6 3. d4 cxd4 4. Nxd4 Nf6 5. Nc3 a6 6. Bg5 Nbd7 7. f4 Qc7 8. Qf3 h6 9. Bh4 g5 10. fxg5 hxg5 11. Bxg5 Qc5 12. Be3 Ne5 13. Qd1 Neg4 14. Bg1 Qh5 15. Qf3 Bh6 16. h3 Qg5 17. Rd1 Ne5 18. Qf2 b5 19. Nf3 Nxf3+ 20. Qxf3 Bb7 21. Qf5 Nxe4 22. Qxg5 Bxg5 23. Nxe4 Bxe4 24. c3 d5 25. Bd4 f6 26. Bd3 Bxg2 27. Rg1 Bxh3 28. Rxg5 e5 29. Bxe5 fxe5 30. Rxe5+ Kf7 31. Rxd5 Bg4 32. Rb1 Rh2 33. Rd4 Bh5 34. a4 Rg8 35. Rf4+ Ke6 36. axb5 axb5 37. Bxb5 Rgg2 38. Bd3 Rd2 39. Bf1 Ke7 40. b4 Rd6 41. Re4+ Kf6 42. Rc1 Bg6 43. Re3 Kf5 44. b5 Kf4 45. Re2 Bd3 46. Rxh2 Re6+ 47. Kd2 Be4 48. Rf2+ Kg3 49. Re2 Kf3 50. Rce1 Rd6+ 51. Kc1 Bg6 52. Re3+ Kf4 53. Bc4 Bf5 54. Kb2 Rd2+ 55. Kb3 Bc2+ 56. Kb4 Bd1 57. R3e2 Bxe2 58. Rxe2 Rd1 59. Rb2 Ke5 60. Kc5 Kf6 61. b6 Rd8 62. b7 Rb8 63. Bd5 Ke7 64. Kb6 Kd7 65. Bc6+ Kd6 66. c4 Rh8 67. c5+ Ke7 68. Re2+ Kd8 69. b8=Q# 1-0


[Site "https://www.chess.com"]

[Event "Titled Tuesday Blitz August 31 2021"]
[White "Grachev, Boris"]
[Black "Chjumachenko, Andrey"]
[WhiteFideId "4129199"]
[BlackFideId "4119975"]
[WhiteElo "2580"]
[BlackElo "2424"]
[Result "1-0"]
[Round "01"]
[TimeControl "180+1"]
[Date "2021.08.31"]
[WhiteClock "0:02:02"]
[BlackClock "0:00:09"]

1. d4 Nf6 2. Bf4 d6 3. e3 Nbd7 4. Nf3 g6 5. h3 Bg7 6. Bh2 O-O 7. Be2 Re8 8. O-O e5 9. c4 c6 10. Nc3 e4 11. Nd2 d5 12. cxd5 cxd5 13. Nb5 Nf8 14. Nc7 Bd7 15. Rc1 Rc8 16. Nxe8 Nxe8 17. Rxc8 Qxc8 18. Qc1 Bc6 19. Qc5 b6 20. Qc3 Qb7 21. Rc1 Bd7 22. Qa3 Ne6 23. Ba6 Qa8 24. Qe7 Nf6 25. Be5 Qd8 26. Qxd8+ Nxd8 27. Rc7 Be6 28. Rxa7 Nd7 29. Ra8 1-0


[Site "https://www.chess.com"]

[Event "Titled Tuesday Blitz August 31 2021"]
[White "Guliev, Logman"]
[Black "Gabrielian, Artur"]
[WhiteFideId "13400061"]
[BlackFideId "4131002"]
[WhiteElo "2128"]
[BlackElo "2513"]
[Result "1-0"]
[Round "01"]
[TimeControl "180+1"]
[Date "2021.08.31"]
[WhiteClock "0:01:21"]
[BlackClock "0:01:35"]

1. e4 e5 2. Nf3 Nc6 3. Bb5 Nf6 4. d3 Bc5 5. O-O O-O 6. Bxc6 dxc6 7. Nxe5 Re8 8. Nc4 Bg4 9. Qe1 Qd7 10. Be3 Bf8 11. Bg5 Nd5 12. Ne3 Nxe3 13. Bxe3 f5 14. f3 Bh5 15. Nc3 Rad8 16. Qh4 Bf7 17. Bg5 Rc8 18. Rae1 h6 19. Be3 b6 20. exf5 Qxf5 21. Ne4 c5 22. b3 a5 23. a4 Rcd8 24. Bd2 Re6 25. Ng3 Qd5 26. Rxe6 Bxe6 27. Bc3 Re8 28. Re1 Bf7 29. Rxe8 Bxe8 30. Qe4 Qd7 31. Nf5 Bf7 32. Qg4 g6 33. Nxh6+ 1-0


[Site "https://www.chess.com"]

[Event "Titled Tuesday Blitz August 31 2021"]
[White "Gunina, Valentina"]
[Black "Jaskolka, Tomasz"]
[WhiteFideId "4167570"]
[BlackFideId "1170791"]
[WhiteElo "2399"]
[BlackElo "2050"]
[Result "1-0"]
[Round "01"]
[TimeControl "180+1"]
[Date "2021.08.31"]
[WhiteClock "0:01:12"]
[BlackClock "0:00:16"]

1. d4 Nf6 2. c4 g6 3. Nc3 d5 4. cxd5 Nxd5 5. e4 Nxc3 6. bxc3 Bg7 7. Nf3 c5 8. Be2 O-O 9. O-O Nc6 10. Be3 Qa5 11. d5 Ne5 12. Nd2 Qxc3 13. Rc1 Qa3 14. Bxc5 Qxa2 15. f4 Nd7 16. Bxe7 Re8 17. d6 Qa3 18. Rf3 Qb4 19. Nc4 Rxe7 20. dxe7 Qxe7 21. e5 Nf8 22. Nd6 Bg4 23. Rfc3 Bxe2 24. Qxe2 Ne6 25. Rc8+ Rxc8 26. Rxc8+ Bf8 27. Qc4 Kg7 28. f5 gxf5 29. Nxf5+ 1-0


[Site "https://www.chess.com"]

[Event "Titled Tuesday Blitz August 31 2021"]
[White "Gusarov, Grigory"]
[Black "Shubenkova, Veronika"]
[WhiteFideId "24102172"]
[BlackFideId "44124040"]
[WhiteElo "2247"]
[BlackElo "1882"]
[Result "1-0"]
[Round "01"]
[TimeControl "180+1"]
[Date "2021.08.31"]
[WhiteClock "0:01:13"]
[BlackClock "0:00:58"]

1. Nf3 d5 2. c4 c6 3. d4 Nf6 4. Nc3 g6 5. cxd5 cxd5 6. Bf4 a6 7. Qb3 Nc6 8. e3 Bg7 9. Ne5 O-O 10. Nxc6 bxc6 11. Be2 Nd7 12. O-O e5 13. dxe5 Nxe5 14. Rfd1 Qe7 15. Rac1 Bb7 16. Na4 Rad8 17. Nc5 Ba8 18. Nxa6 h5 19. Qb4 Qf6 20. Nc5 Rb8 21. Qa3 g5 22. Bxe5 Qxe5 23. Nd7 Qxb2 24. Qxb2 Rxb2 25. Nxf8 Rxe2 26. Nd7 Rxa2 27. Rb1 Kh7 28. Rb8 h4 29. h3 f5 30. Nf8+ Bxf8 31. Rxf8 c5 32. Rxf5 Kg6 33. Rf8 c4 34. Rc8 Bb7 35. Rc7 Rb2 36. Ra1 d4 37. exd4 Rb4 38. Rc5 Kh5 39. Rd1 Ba6 40. d5 Rb8 41. d6 1-0


[Site "https://www.chess.com"]

[Event "Titled Tuesday Blitz August 31 2021"]
[White "Hansen, Sune Berg"]
[Black "Miszler, Levente"]
[WhiteFideId "1400266"]
[BlackFideId "763276"]
[WhiteElo "2702"]
[BlackElo "1967"]
[Result "1-0"]
[Round "01"]
[TimeControl "180+1"]
[Date "2021.08.31"]
[WhiteClock "0:00:47"]
[BlackClock "0:00:24"]

1. e4 e6 2. d4 d5 3. e5 c5 4. c3 Nc6 5. Nf3 Qb6 6. Be2 f6 7. O-O cxd4 8. cxd4 Be7 9. Nc3 Bd7 10. Be3 f5 11. a3 h6 12. b4 g5 13. Na4 Qd8 14. g3 g4 15. Ne1 Bg5 16. Nd3 h5 17. Nac5 h4 18. Nxb7 Qe7 19. Nd6+ Kf8 20. Qd2 Qh7 21. Bxg5 hxg3 22. Bh6+ Nxh6 23. fxg3 Nf7 24. Bxg4 Nxd6 25. exd6 Nxd4 26. Rae1 Kg8 27. Qg5+ Kf7 28. Ne5+ Ke8 29. Bh5+ Kf8 30. Qf6+ Kg8 31. Bf7+ 1-0


[Site "https://www.chess.com"]

[Event "Titled Tuesday Blitz August 31 2021"]
[White "Dronavalli, Harika"]
[Black "Barrionuevo, Pablo"]
[WhiteFideId "5015197"]
[BlackFideId "110566"]
[WhiteElo "2422"]
[BlackElo "2250"]
[Result "1-0"]
[Round "01"]
[TimeControl "180+1"]
[Date "2021.08.31"]
[WhiteClock "0:01:49"]
[BlackClock "0:00:46"]

1. e4 d6 2. Nf3 Nf6 3. Nc3 g6 4. d4 Bg7 5. h3 O-O 6. Be2 c6 7. a4 a5 8. O-O Nbd7 9. Be3 e5 10. Qd2 Qe7 11. Rad1 b6 12. Rfe1 Bb7 13. Bd3 Rfe8 14. Bh6 Bxh6 15. Qxh6 Qf8 16. Qd2 Rad8 17. Bc4 h6 18. d5 c5 19. Nh2 Kh7 20. Rf1 Qg7 21. g3 Bc8 22. Bb5 Re7 23. Rde1 Nf8 24. g4 Bd7 25. Bxd7 N6xd7 26. Ne2 Qf6 27. Ra1 Qh4 28. Qe3 Rde8 29. Qg3 Qxg3+ 30. fxg3 Kg7 31. Nf3 Nh7 32. Nd2 Nhf6 33. Nc3 Rb8 34. Nc4 Ne8 35. Nb5 Ndf6 36. Nbxd6 Nxd6 37. Nxd6 Rd7 38. Nc4 Nxe4 39. Nxe5 Rxd5 40. Rxf7+ Kg8 41. Re7 Nxg3 42. Nd7 Rd8 43. Nf6+ Kf8 44. Nxd5 Rxd5 45. Re3 1-0


[Site "https://www.chess.com"]

[Event "Titled Tuesday Blitz August 31 2021"]
[White "Harutjunyan, Gevorg"]
[Black "Urjubdshzirov, Erdni"]
[WhiteFideId "13300873"]
[BlackFideId "4186451"]
[WhiteElo "2498"]
[BlackElo "2391"]
[Result "0-1"]
[Round "01"]
[TimeControl "180+1"]
[Date "2021.08.31"]
[WhiteClock "0:00:07"]
[BlackClock "0:00:09"]

1. e4 c5 2. Nc3 e6 3. Nf3 Nc6 4. d4 cxd4 5. Nxd4 Qc7 6. Be3 a6 7. Qf3 b5 8. Nxc6 Qxc6 9. Bd3 Bb7 10. O-O-O Nf6 11. Bd4 Be7 12. Rhe1 d6 13. Nd5 Nxd5 14. exd5 Qxd5 15. Be4 Qg5+ 16. Be3 Bxe4 17. Qxe4 d5 18. Qf3 Qf6 19. Qg3 O-O 20. h4 Qg6 21. Qh3 h5 22. f3 Rac8 23. Re2 Rc4 24. b3 Ba3+ 25. Kb1 Qf6 26. Bc1 Bxc1 27. Rxc1 Rxh4 28. Qg3 Qf4 29. Qf2 Rh2 30. Qb6 h4 31. Qxa6 h3 32. Qxb5 Rxg2 33. Rxg2 hxg2 34. Qc5 Qxf3 35. a4 e5 36. a5 d4 37. Qxe5 d3 38. a6 dxc2+ 39. Kb2 Ra8 40. Rxc2 g1=Q 41. a7 Qb7 42. Qd4 Qxd4+ 0-1


[Site "https://www.chess.com"]

[Event "Titled Tuesday Blitz August 31 2021"]
[White "Heinemann, Josefine"]
[Black "Tristan, Leonardo"]
[WhiteFideId "12900460"]
[BlackFideId "113816"]
[WhiteElo "2300"]
[BlackElo "2404"]
[Result "0-1"]
[Round "01"]
[TimeControl "180+1"]
[Date "2021.08.31"]
[WhiteClock "0:00:17"]
[BlackClock "0:00:51"]

1. e4 d5 2. exd5 Qxd5 3. Nc3 Qa5 4. d4 Nf6 5. Bc4 Bg4 6. Ne2 Nc6 7. f3 Bf5 8. Bd2 O-O-O 9. Nd5 Qa4 10. Bb3 Qa6 11. Nxf6 exf6 12. d5 Nb4 13. Bxb4 Bxb4+ 14. c3 Rhe8 15. Kf2 Rxe2+ 16. Qxe2 Bc5+ 17. Ke1 Bd3 18. Qd2 Re8+ 19. Kd1 Re2 20. Qf4 Be3 21. Qg4+ f5 22. Qxg7 Bc2+ 23. Bxc2 Rd2+ 24. Kc1 Rxg2+ 0-1


[Site "https://www.chess.com"]

[Event "Titled Tuesday Blitz August 31 2021"]
[White "Ibrahimli, Murad"]
[Black "Ogloblin, Nikolay"]
[WhiteFideId "13410229"]
[BlackFideId "4139658"]
[WhiteElo "2109"]
[BlackElo "2265"]
[Result "1-0"]
[Round "01"]
[TimeControl "180+1"]
[Date "2021.08.31"]
[WhiteClock "0:00:21"]
[BlackClock "0:01:13"]

1. c4 c6 2. Nc3 c5 3. Nf3 Nf6 4. g3 b6 5. Bg2 Bb7 6. O-O e6 7. d4 cxd4 8. Nxd4 Bxg2 9. Kxg2 Qc7 10. Qd3 Qb7+ 11. e4 d6 12. f3 a6 13. Be3 Nbd7 14. Qe2 Be7 15. b3 O-O 16. Bf2 Rfe8 17. Rac1 Rac8 18. Rfe1 Bf8 19. Kg1 h6 20. Qf1 Qb8 21. Kh1 Red8 22. g4 Qb7 23. Bg3 Ne5 24. Qe2 Nfd7 25. f4 Nc6 26. Nxc6 Qxc6 27. f5 Nc5 28. Rcd1 Nd7 29. fxe6 fxe6 30. g5 hxg5 31. Qg4 Re8 32. Qxg5 Nf6 33. Qg6 Be7 34. Bh4 Rf8 35. Rg1 Rf7 36. Rdf1 Rc7 37. Bxf6 Bxf6 38. Rxf6 Rxf6 39. Qxf6 Rf7 40. Qxe6 b5 41. Nd5 Qd7 42. Qxd7 Rxd7 43. Nf6+ 1-0


[Site "https://www.chess.com"]

[Event "Titled Tuesday Blitz August 31 2021"]
[White "Idrisov, Ildar F"]
[Black "Mikhailovsky, Vladimir"]
[WhiteFideId "4151020"]
[BlackFideId "34105414"]
[WhiteElo "2209"]
[BlackElo "2315"]
[Result "0-1"]
[Round "01"]
[TimeControl "180+1"]
[Date "2021.08.31"]
[WhiteClock "0:00:24"]
[BlackClock "0:00:37"]

1. Nf3 d5 2. b3 c6 3. Bb2 Bg4 4. e3 Nd7 5. d4 Ngf6 6. Be2 e6 7. O-O Bd6 8. Ne5 Bxe2 9. Qxe2 O-O 10. Nd2 a5 11. a3 Qc7 12. f4 c5 13. c4 a4 14. Nxd7 Qxd7 15. dxc5 Bxc5 16. Bxf6 gxf6 17. b4 Ba7 18. c5 f5 19. Nf3 b6 20. c6 Qxc6 21. b5 Qb7 22. Ne5 Bb8 23. Nc6 Bd6 24. Qh5 f6 25. Rf3 Qf7 26. Rg3+ Kh8 27. Qh6 Rg8 28. Kf2 Bc5 29. Nd4 Rxg3 30. hxg3 Rg8 31. Rh1 Rg6 32. Qh5 h6 33. Rh3 Kh7 34. Rh4 Bxa3 35. g4 fxg4 36. Rxg4 f5 37. Rg5 Be7 38. Rg3 a3 39. Nb3 a2 40. Kf3 Rxg3+ 0-1


[Site "https://www.chess.com"]

[Event "Titled Tuesday Blitz August 31 2021"]
[White "Jobava, Baadur"]
[Black "Khodzhamkuliev, Bahadur"]
[WhiteFideId "13601520"]
[BlackFideId "24135046"]
[WhiteElo "2748"]
[BlackElo "2130"]
[Result "1-0"]
[Round "01"]
[TimeControl "180+1"]
[Date "2021.08.31"]
[WhiteClock "0:01:29"]
[BlackClock "0:01:09"]

1. e4 Nc6 2. Nc3 g6 3. f4 Bg7 4. Nf3 d6 5. Bb5 a6 6. Bxc6+ bxc6 7. d3 Nf6 8. O-O O-O 9. Kh1 Bg4 10. Be3 Rb8 11. Rb1 Nd7 12. h3 Bxf3 13. Qxf3 c5 14. Bd2 c6 15. b3 Qa5 16. e5 dxe5 17. Qxc6 exf4 18. Ne4 Qd8 19. Bxf4 e5 20. Bg5 f6 21. Be3 Rb6 22. Qd5+ Kh8 23. c4 Qe7 24. Bxc5 Nxc5 25. Qxc5 Qxc5 26. Nxc5 Rd8 27. Rbd1 a5 28. g4 Bf8 29. Ne4 Be7 30. Nc3 Rdd6 31. c5 Rb7 32. cxd6 Bxd6 33. Rxf6 1-0


[Site "https://www.chess.com"]

[Event "Titled Tuesday Blitz August 31 2021"]
[White "Karas, Marek"]
[Black "Postny, Evgeny"]
[WhiteFideId "14928558"]
[BlackFideId "2804344"]
[WhiteElo "2264"]
[BlackElo "2521"]
[Result "0-1"]
[Round "01"]
[TimeControl "180+1"]
[Date "2021.08.31"]
[WhiteClock "0:00:03"]
[BlackClock "0:00:09"]

1. d4 Nf6 2. Nf3 c5 3. d5 g6 4. Nc3 d6 5. e4 Bg7 6. Bd3 Bg4 7. O-O O-O 8. h3 Bxf3 9. Qxf3 Na6 10. Bf4 Nd7 11. Rab1 Nb4 12. a3 Nxd3 13. Qxd3 a6 14. a4 Qa5 15. Bd2 Qc7 16. f4 Rab8 17. Ne2 c4 18. Qf3 Nc5 19. a5 b5 20. axb6 Qxb6 21. Kh2 Na4 22. b3 cxb3 23. Rxb3 Qc7 24. Rfb1 Rxb3 25. Qxb3 Nc5 26. Qc4 Rc8 27. Bc3 Bxc3 28. Nxc3 Nd7 29. Qxc7 Rxc7 30. Rb3 Rc4 31. Kg3 Nc5 32. Rb8+ Kg7 33. Ne2 Nxe4+ 34. Kf3 Nf6 35. Rb6 Nxd5 36. Rxa6 Rxc2 37. Ra7 f5 38. g4 Rc7 39. Ra5 Rc5 40. Ra7 Kf6 41. Ra8 Rb5 42. Nd4 Rb4 43. Ne2 Rb3+ 44. Kg2 Ne3+ 45. Kf3 Nxg4+ 46. Kg2 Ne3+ 47. Kf2 Nd5 48. Ra5 Nc3 49. Nd4 Ne4+ 50. Kg2 Rg3+ 51. Kh2 Rd3 52. Nc6 Rd2+ 53. Kg1 Rc2 54. Nb8 h6 55. Ra7 g5 56. Nd7+ Kf7 57. fxg5 hxg5 58. Nb8 Ke6 59. Ra5 f4 60. Na6 Kf6 61. Ra3 e5 62. Nb4 Rc1+ 63. Kg2 Ke6 64. Nd3 Rc3 65. Rxc3 Nxc3 66. Kf3 Kf5 67. Nb4 e4+ 68. Kf2 d5 69. Nc2 Ke5 70. Nb4 d4 71. Nc6+ Kd5 72. Ne7+ Ke6 73. Nc6 d3 74. Nb4 d2 0-1


[Site "https://www.chess.com"]

[Event "Titled Tuesday Blitz August 31 2021"]
[White "Khanin, Semen"]
[Black "Filippova, Margarita"]
[WhiteFideId "4111990"]
[BlackFideId "34199680"]
[WhiteElo "2521"]
[BlackElo "1829"]
[Result "1-0"]
[Round "01"]
[TimeControl "180+1"]
[Date "2021.08.31"]
[WhiteClock "0:00:04"]
[BlackClock "0:00:01"]

1. c4 c5 2. Nc3 Nf6 3. g3 Nc6 4. Bg2 g6 5. d3 Bg7 6. Bd2 O-O 7. Qc1 d6 8. Bh6 Nd4 9. Bxg7 Kxg7 10. e3 Nc6 11. Nge2 Bf5 12. Qd2 a6 13. O-O Rb8 14. d4 cxd4 15. exd4 Nb4 16. a3 Nc6 17. b4 Qc7 18. Rac1 Rfd8 19. Nd5 Qd7 20. Nxf6 exf6 21. Nf4 Re8 22. a4 Be4 23. b5 Nd8 24. Bxe4 Rxe4 25. Rfe1 f5 26. f3 Rxe1+ 27. Rxe1 Ne6 28. Nd5 Re8 29. Qc3 f6 30. b6 Qxa4 31. c5 Qc6 32. Nxf6 Re7 33. Nh5+ Kf7 34. Nf6 d5 35. Nxh7 Kg7 36. Ng5 Kf6 37. Nxe6 Rxe6 38. Kf2 Rxe1 39. Qxe1 Qb5 40. Qe5+ Kf7 41. Qxd5+ Kf6 42. Qe5+ Kf7 43. Qd5+ Kf6 44. Qd6+ Kf7 45. Kg2 Qe2+ 46. Kh3 Qf1+ 47. Kh4 Qc1 48. Qf4 g5+ 49. Kxg5 Qc3 50. Qxf5+ 1-0


[Site "https://www.chess.com"]

[Event "Titled Tuesday Blitz August 31 2021"]
[White "Kobalia, Mikhail"]
[Black "Navalgund, Niranjan"]
[WhiteFideId "4119150"]
[BlackFideId "5030854"]
[WhiteElo "2569"]
[BlackElo "2290"]
[Result "1/2-1/2"]
[Round "01"]
[TimeControl "180+1"]
[Date "2021.08.31"]
[WhiteClock "0:00:02"]
[BlackClock "0:00:18"]

1. e4 e5 2. Nf3 Nc6 3. Bb5 a6 4. Ba4 Nf6 5. O-O Be7 6. d3 b5 7. Bb3 d6 8. a3 O-O 9. Nc3 Nb8 10. Re1 Bb7 11. Ne2 Nbd7 12. Ng3 Nc5 13. Ba2 Ne6 14. Nf5 Re8 15. Nxe7+ Qxe7 16. Nh4 g6 17. Nf3 Nh5 18. d4 Qf6 19. d5 Nef4 20. g3 Nh3+ 21. Kg2 Bc8 22. Ng1 Qxf2+ 23. Kh1 Nf6 24. Qe2 Bg4 25. Qxf2 Nxf2+ 26. Kg2 N2xe4 27. Rf1 Kg7 28. Be3 Bd7 29. Rae1 c6 30. h3 cxd5 31. g4 h6 32. Kh2 Bc6 33. Nf3 d4 34. Bc1 Rad8 35. g5 Nh5 36. Bxf7 Kxf7 37. Nxe5+ Kg8 38. Nxc6 Rc8 39. Nxd4 Nxg5 40. Bxg5 hxg5 41. c3 Nf4 42. Rg1 Rxe1 43. Rxe1 Nd3 44. Re2 Kf7 45. Kg3 Re8 46. Rd2 Nc5 47. Rf2+ Kg7 48. Kg4 Re3 49. Rf3 Rxf3 50. Kxf3 Na4 51. b3 Nxc3 52. Ne6+ Kh6 53. Nc7 a5 54. b4 axb4 55. axb4 Na2 56. Nxb5 Nxb4 57. Nxd6 Nc6 58. Nf7+ Kh5 59. Kg3 Nd4 60. Ne5 Nf5+ 61. Kg2 Kh4 62. Nxg6+ Kh5 63. Ne5 Nh4+ 64. Kg3 Nf5+ 65. Kg2 Nd4 66. Kg3 Nf5+ 67. Kh2 Nh6 68. Kg2 g4 69. hxg4+ Nxg4 1/2-1/2


[Site "https://www.chess.com"]

[Event "Titled Tuesday Blitz August 31 2021"]
[White "Koridze, Lile"]
[Black "Mekhitarian, Krikor Sevag"]
[WhiteFideId "13612514"]
[BlackFideId "2107660"]
[WhiteElo "1978"]
[BlackElo "2598"]
[Result "0-1"]
[Round "01"]
[TimeControl "180+1"]
[Date "2021.08.31"]
[WhiteClock "0:00:09"]
[BlackClock "0:00:05"]

1. d4 Nf6 2. c4 g6 3. Nc3 d5 4. Nf3 Bg7 5. Bg5 dxc4 6. e3 Be6 7. Be2 c6 8. a4 Nbd7 9. O-O a5 10. Nd2 Nb6 11. b3 cxb3 12. Nxb3 Nbd5 13. Nxd5 Bxd5 14. Nc5 b6 15. Nd3 O-O 16. Qc2 Rc8 17. Rac1 Qd7 18. Ne5 Qb7 19. Rb1 c5 20. Qb2 Bxg2 21. Rfc1 Be4 22. Qxb6 Qxb6 23. Rxb6 cxd4 24. exd4 Nd5 25. Rbc6 Rxc6 26. Nxc6 f6 27. Be3 Re8 28. Rc5 Nxe3 29. fxe3 Kf8 30. Rxa5 Bxc6 31. Bc4 f5 32. Ra6 Be4 33. Be6 Bf6 34. Rb6 Ra8 35. Rb4 Bc6 36. Bb3 Kg7 37. d5 Bd7 38. Rb7 Bxa4 39. Bc4 Kh6 40. Kf2 Bc2 41. Rd7 Be4 42. d6 exd6 43. Rxd6 Rc8 44. Bb3 Bh4+ 45. Ke2 Rb8 46. Bc4 Rb2+ 47. Kd1 Rxh2 48. Bg8 Kg7 49. Be6 Be7 50. Rd7 Kf6 51. Bc4 h5 52. Ra7 Bc5 53. Ra6+ Kg5 54. Bf7 Bxe3 55. Rxg6+ Kf4 56. Rh6 Bd3 57. Bd5 Rb2 58. Rb6 Rxb6 59. Bb3 Rxb3 0-1


[Site "https://www.chess.com"]

[Event "Titled Tuesday Blitz August 31 2021"]
[White "Kovacsy, Barnabas"]
[Black "Goryachkina, Aleksandra"]
[WhiteFideId "769290"]
[BlackFideId "4147103"]
[WhiteElo "1938"]
[BlackElo "2441"]
[Result "1-0"]
[Round "01"]
[TimeControl "180+1"]
[Date "2021.08.31"]
[WhiteClock "0:00:07"]
[BlackClock "0:00:07"]

1. e4 c5 2. Nf3 e6 3. d4 cxd4 4. Nxd4 a6 5. Bd3 Nf6 6. O-O Qc7 7. c4 Bc5 8. Nb3 Ba7 9. Qe2 d6 10. Nc3 Nbd7 11. Be3 Bxe3 12. Qxe3 b6 13. Rac1 Bb7 14. Rfd1 O-O 15. Bf1 Rfd8 16. f3 Rac8 17. Nd4 Ne5 18. b4 Nxc4 19. Bxc4 Qxc4 20. a3 Qc7 21. Na4 Qb8 22. Rxc8 Rxc8 23. Nxb6 Rd8 24. Na4 h6 25. Rc1 Nd7 26. Nb3 Rc8 27. Na5 Ba8 28. Kf2 Ne5 29. Rxc8+ Qxc8 30. Qc3 Qd8 31. Nb3 Bc6 32. Nac5 dxc5 33. Qxe5 cxb4 34. axb4 Qd1 35. Qc3 Bb5 36. Nd2 Qe2+ 37. Kg3 Qe1+ 38. Kh3 Kh7 39. e5 g6 40. Ne4 Kg7 41. Qxe1 1-0


[Site "https://www.chess.com"]

[Event "Titled Tuesday Blitz August 31 2021"]
[White "Kubicka, Anna"]
[Black "Xiong, Jeffery"]
[WhiteFideId "1152254"]
[BlackFideId "2047640"]
[WhiteElo "2010"]
[BlackElo "2724"]
[Result "0-1"]
[Round "01"]
[TimeControl "180+1"]
[Date "2021.08.31"]
[WhiteClock "0:00:05"]
[BlackClock "0:01:22"]

1. e4 e6 2. d4 d5 3. Nd2 Be7 4. Ngf3 Nf6 5. e5 Nfd7 6. Bd3 c5 7. c3 Nc6 8. O-O b6 9. Re1 g5 10. h3 h5 11. dxc5 bxc5 12. Qa4 Bb7 13. Nf1 g4 14. hxg4 c4 15. Be2 hxg4 16. N3h2 Ndxe5 17. Nxg4 Bd6 18. g3 Qe7 19. Nxe5 Bxe5 20. Bxc4 dxc4 21. Rxe5 O-O-O 22. Re4 Ne5 23. Rxc4+ Kb8 24. Rh4 Nf3+ 0-1


[Site "https://www.chess.com"]

[Event "Titled Tuesday Blitz August 31 2021"]
[White "Lopez Gracia, Fernando"]
[Black "Shkapenko, Pavel"]
[WhiteFideId "2207184"]
[BlackFideId "4151933"]
[WhiteElo "2384"]
[BlackElo "2386"]
[Result "0-1"]
[Round "01"]
[TimeControl "180+1"]
[Date "2021.08.31"]
[WhiteClock "0:00:57"]
[BlackClock "0:00:24"]

1. c4 e6 2. Nf3 d5 3. e3 g6 4. d4 Bg7 5. Nc3 Ne7 6. b3 O-O 7. Bb2 Nbc6 8. Be2 e5 9. dxe5 dxc4 10. Bxc4 Nxe5 11. Nxe5 Bxe5 12. Qe2 c6 13. O-O Qc7 14. h3 Nf5 15. Rac1 Qe7 16. Rfd1 Be6 17. Bxe6 Qxe6 18. Na4 Bxb2 19. Qxb2 b6 20. Rc2 c5 21. Nc3 Rfd8 22. Rcd2 Rxd2 23. Qxd2 Qe5 24. Nb5 a6 25. Qc3 Qxc3 26. Nxc3 b5 27. Rd7 Kg7 28. Ne4 c4 29. bxc4 bxc4 30. Rc7 Rb8 31. g4 Nh4 32. Rxc4 Rb1+ 33. Kh2 h6 34. Rc7 g5 35. Nd6 Kf6 36. Rxf7+ Ke6 37. Ra7 Kxd6 38. Rxa6+ Ke5 39. Rxh6 Ke4 40. Re6+ Kf3 41. Rf6+ Ke2 42. a4 Nf3+ 43. Kg3 Rg1# 0-1


[Site "https://www.chess.com"]